[Event "Commonwealth Open 2019"]
[Site "Delhi"]
[Date "2019.07.05"]
[Round "7.5"]
[White "Debashis, Das"]
[Black "Wagh, Suyog"]
[Result "1-0"]
[ECO "D12"]
[WhiteElo "2544"]
[BlackElo "2250"]
[Annotator "ChessBase"]
[PlyCount "123"]
[EventDate "2019.06.30"]
[EventType "swiss"]
[EventCountry "IND"]
[SourceTitle "playchess.com"]
[Source "ChessBase"]
[SourceQuality "1"]
[TimeControl "5400+30"]

1. d4 d5 2. c4 c6 3. Nf3 Nf6 4. e3 Bf5 5. Nc3 e6 6. Nh4 Be4 7. f3 Bg6 8. Qb3 Qc7 9. Bd2 Be7 10. g3 a6 11. Rc1 dxc4 12. Bxc4 Nbd7 13. Nxg6 hxg6 14. a4 O-O 15. O-O e5 16. Ne2 Rad8 17. Qc2 Kh8 18. a5 Qb8 19. Rcd1 exd4 20. Nxd4 Ne5 21. Ba2 Nd5 22. Qa4 c5 23. Ne2 Nb4 24. Bxb4 cxb4 25. Kg2 Qa7 26. Qb3 Qc5 27. Nf4 Nc6 28. Nd5 Nxa5 29. Qd3 Bf6 30. Rf2 Qb5 31. Qxb5 axb5 32. b3 Nc6 33. Bb1 Bd4 34. Be4 Bc5 35. Rfd2 Rfe8 36. g4 g5 37. Kf2 g6 38. Nc7 Rxd2+ 39. Rxd2 Re5 40. Rd5 Rxd5 41. Bxd5 Kg7 42. Nxb5 f5 43. Ke2 Kf6 44. h3 f4 45. exf4 Nd4+ 46. Nxd4 Bxd4 47. Kd3 Bc5 48. Ke4 Bd6 49. fxg5+ Kxg5 50. Bf7 Kf6 51. Bxg6 Kxg6 52. f4 Be7 53. Ke5 Bd8 54. g5 Bc7+ 55. Ke4 Bd8 56. h4 Bc7 57. f5+ Kh5 58. Kd5 Bg3 59. Ke6 Be1 60. Kf7 Bc3 61. g6 Kh6 62. f6 1-0

[Event "Commonwealth Open 2019"]
[Site "Delhi"]
[Date "2019.07.05"]
[Round "7.6"]
[White "Swapnil, S. Dhopade"]
[Black "Saravana, Krishnan P."]
[Result "1-0"]
[ECO "D10"]
[WhiteElo "2488"]
[BlackElo "2290"]
[Annotator "ChessBase"]
[PlyCount "143"]
[EventDate "2019.06.30"]
[EventType "swiss"]
[EventCountry "IND"]
[SourceTitle "playchess.com"]
[Source "ChessBase"]
[SourceQuality "1"]
[TimeControl "5400+30"]

1. d4 d5 2. c4 c6 3. Nc3 dxc4 4. e3 b5 5. a4 b4 6. Ne4 Nf6 7. Nxf6+ exf6 8. Bxc4 Bd6 9. Nf3 a5 10. O-O O-O 11. b3 Bg4 12. Bb2 Nd7 13. Rc1 Bh5 14. Be2 Rc8 15. Nd2 Bxe2 16. Qxe2 Re8 17. Rc2 Nb8 18. Rfc1 Qc7 19. g3 Qd7 20. Kg2 Rcd8 21. Qf3 Qe6 22. e4 Qd7 23. Nc4 Bc7 24. d5 f5 25. dxc6 fxe4 26. cxd7 exf3+ 27. Kxf3 Nxd7 28. Rd1 Nf8 29. Rcd2 Ne6 30. Rxd8 Nxd8 31. Rd7 Ne6 32. Rd5 Ra8 33. Ke3 Kf8 34. f4 f6 35. Bd4 Ke7 36. Bb6 Rc8 37. Bxa5 Bxa5 38. Rxa5 Nc5 39. Nb6 Rc6 40. Nd5+ Kf7 41. Nxb4 Re6+ 42. Kf2 Nxb3 43. Ra7+ Kf8 44. a5 Re4 45. a6 Nc5 46. Rc7 Rxb4 47. a7 Ra4 48. Rc8+ Kf7 49. a8=Q Rxa8 50. Rxa8 Ne4+ 51. Ke3 Nd6 52. Ra7+ Kg6 53. Rd7 Nf5+ 54. Ke4 h5 55. Rd5 Nh6 56. h3 Ng8 57. Rc5 Nh6 58. Ra5 Ng8 59. Kd5 Ne7+ 60. Ke6 Nc6 61. Rd5 Nb4 62. Rd7 Nc2 63. Ke7 Kf5 64. Rd5+ Ke4 65. Rxh5 Kf3 66. Kf7 Kxg3 67. f5 Kf4 68. Kxg7 Ke5 69. Kg6 Ne3 70. Rh8 Nd5 71. Re8+ Kf4 72. h4 1-0

[Event "Commonwealth Open 2019"]
[Site "Delhi"]
[Date "2019.07.05"]
[Round "7.7"]
[White "Iniyan, P."]
[Black "Rathnakaran, K.."]
[Result "1-0"]
[ECO "A65"]
[WhiteElo "2525"]
[BlackElo "2338"]
[Annotator "ChessBase"]
[PlyCount "65"]
[EventDate "2019.06.30"]
[EventType "swiss"]
[EventCountry "IND"]
[SourceTitle "playchess.com"]
[Source "ChessBase"]
[SourceQuality "1"]
[TimeControl "5400+30"]

1. d4 Nf6 2. c4 c5 3. d5 e6 4. Nc3 exd5 5. cxd5 d6 6. e4 g6 7. Nge2 a6 8. a4 Bg7 9. Ng3 h5 10. Be2 Nbd7 11. O-O h4 12. Nh1 Nh5 13. Be3 Qe7 14. Qd2 Rb8 15. f4 h3 16. g4 Nhf6 17. e5 dxe5 18. f5 gxf5 19. Rxf5 b5 20. axb5 axb5 21. Ng3 b4 22. Nce4 Nxe4 23. Nxe4 c4 24. Bxc4 Nb6 25. Bb5+ Bd7 26. Bg5 f6 27. d6 Qe6 28. Nxf6+ Bxf6 29. Bxf6 Rg8 30. Rxe5 Rxg4+ 31. Kh1 Kf7 32. Bxd7 Qxf6 33. Re7+ 1-0

[Event "Commonwealth Open 2019"]
[Site "Delhi"]
[Date "2019.07.05"]
[Round "7.8"]
[White "Swayams, Mishra"]
[Black "Navalgund, Niranjan"]
[Result "1/2-1/2"]
[ECO "A13"]
[WhiteElo "2493"]
[BlackElo "2326"]
[Annotator "ChessBase"]
[PlyCount "61"]
[EventDate "2019.06.30"]
[EventType "swiss"]
[EventCountry "IND"]
[SourceTitle "playchess.com"]
[Source "ChessBase"]
[SourceQuality "1"]
[TimeControl "5400+30"]

1. Nf3 Nf6 2. c4 e6 3. g3 d5 4. Bg2 dxc4 5. Qa4+ Bd7 6. Qxc4 c5 7. Ne5 Qc8 8. Nxd7 Qxd7 9. O-O Nc6 10. Nc3 Rc8 11. d3 Be7 12. Be3 Nd4 13. a4 O-O 14. Rfc1 Rfd8 15. Qa2 b6 16. h3 Ne8 17. Bxd4 cxd4 18. Ne4 Rc7 19. Rxc7 Qxc7 20. Qc4 Qxc4 21. dxc4 f5 22. Nd2 d3 23. Kf1 Bb4 24. Rd1 Nf6 25. Nf3 dxe2+ 26. Kxe2 Rxd1 27. Kxd1 Bc5 28. Ke2 Ne4 29. Ne5 Nd6 30. b3 a5 31. f4 1/2-1/2

[Event "Commonwealth Open 2019"]
[Site "Delhi"]
[Date "2019.07.05"]
[Round "7.9"]
[White "Laxman, R.R."]
[Black "Krishna, C R G"]
[Result "1/2-1/2"]
[ECO "A89"]
[WhiteElo "2437"]
[BlackElo "2481"]
[Annotator "ChessBase"]
[PlyCount "170"]
[EventDate "2019.06.30"]
[EventType "swiss"]
[EventCountry "IND"]
[SourceTitle "playchess.com"]
[Source "ChessBase"]
[SourceQuality "1"]
[TimeControl "5400+30"]

1. d4 f5 2. g3 Nf6 3. Bg2 g6 4. Nf3 Bg7 5. O-O O-O 6. c4 d6 7. Nc3 Nc6 8. Nd5 e6 9. Nxf6+ Qxf6 10. Bg5 Qf7 11. d5 Nd8 12. Qd2 e5 13. Bh6 Qe7 14. Bxg7 Kxg7 15. c5 dxc5 16. Qc3 Nf7 17. Rfc1 Bd7 18. Qxc5 Qxc5 19. Rxc5 Rac8 20. b4 b6 21. Rc3 c6 22. Ra3 cxd5 23. Rxa7 Rfd8 24. Rd1 d4 25. h4 Kf6 26. Ra6 Be6 27. Rxb6 Rb8 28. Rxb8 Rxb8 29. a3 Nd6 30. e3 Nb5 31. exd4 exd4 32. Ra1 d3 33. Bf1 Rd8 34. Rd1 Bc4 35. a4 Nd4 36. Nxd4 Rxd4 37. f4 d2 38. Bxc4 Rxc4 39. Rxd2 Rxb4 40. Ra2 Rb6 41. Kf2 Ke6 42. a5 Ra6 43. Ke3 Kd5 44. Kd3 Kc5 45. Kc3 Rc6 46. a6 Kb6+ 47. Kd4 Ka7 48. Ra3 Re6 49. Re3 Rd6+ 50. Ke5 Rxa6 51. Rd3 Kb7 52. Rd7+ Kc8 53. Rxh7 Ra3 54. h5 gxh5 55. Rg7 Kd8 56. Kf6 Ke8 57. Rg8+ Kd7 58. Kf7 Rf3 59. Rg5 h4 60. gxh4 Rxf4 61. h5 Rf1 62. h6 Rh1 63. Kg6 f4 64. Rf5 Rg1+ 65. Kf6 Rh1 66. Kg5 Ke7 67. Rxf4 Rg1+ 68. Kh5 Rh1+ 69. Kg6 Rg1+ 70. Kh7 Rg2 71. Kh8 Rh2 72. Kh7 Rg2 73. Ra4 Kf7 74. Ra7+ Kf8 75. Rg7 Rf2 76. Rg5 Kf7 77. Rg7+ Kf8 78. Kh8 Rh2 79. Rg6 Rf2 80. Kh7 Kf7 81. Ra6 Rg2 82. Ra7+ Kf8 83. Ra1 Rf2 84. Rg1 Kf7 85. Kh8 Kf8 1/2-1/2

[Event "Commonwealth Open 2019"]
[Site "Delhi"]
[Date "2019.07.05"]
[Round "7.10"]
[White "Karthikeyan, P.."]
[Black "Sangma, Rahul"]
[Result "1-0"]
[ECO "A50"]
[WhiteElo "2445"]
[BlackElo "2298"]
[Annotator "NA"]
[PlyCount "48"]
[EventDate "2019.06.30"]
[EventType "swiss"]
[EventCountry "IND"]
[SourceTitle "playchess.com"]
[Source "ChessBase"]
[SourceQuality "1"]
[TimeControl "5400+30"]

1. d4 Nf6 2. c4 Nc6 3. Nc3 e6 4. a3 d6 5. e4 g6 6. f4 e5 7. dxe5 dxe5 8. Qxd8+ Kxd8 9. fxe5 Ng4 10. Nf3 Be6 11. Bg5+ Be7 12. Bf4 Bc5 13. h3 Ne3 14. Na4 Bd4 15. Nxd4 Nxd4 16. Bxe3 Nc2+ 17. Kd2 Nxa1 18. Kc3 b6 19. Be2 Bd7 20. b3 Nxb3 21. Kxb3 c6 22. Bg5+ Kc7 23. Be7 h5 24. Bd6+ Kb7 1-0

[Event "Commonwealth Open 2019"]
[Site "Delhi"]
[Date "2019.07.05"]
[Round "7.11"]
[White "Nitin, S.."]
[Black "Divya, Deshmukh"]
[Result "1/2-1/2"]
[ECO "A05"]
[WhiteElo "2398"]
[BlackElo "2414"]
[Annotator "NA"]
[PlyCount "90"]
[EventDate "2019.06.30"]
[EventType "swiss"]
[EventCountry "IND"]
[SourceTitle "playchess.com"]
[Source "ChessBase"]
[SourceQuality "1"]
[TimeControl "5400+30"]

1. Nf3 Nf6 2. g3 d5 3. Bg2 Bf5 4. O-O e6 5. d3 h6 6. Nfd2 c6 7. e4 dxe4 8. dxe4 Bg6 9. Nc3 Be7 10. Qe2 O-O 11. Nc4 Nbd7 12. a4 Qc7 13. h3 Rac8 14. b3 e5 15. Kh2 Bc5 16. Bb2 Rfe8 17. Rad1 Bd4 18. f3 Rcd8 19. Qe1 Nc5 20. Ba3 Ne6 21. Ne2 Bc5 22. Bxc5 Rxd1 23. Qxd1 Nxc5 24. Qa1 b5 25. Ne3 a6 26. Qc3 Qa7 27. Rd1 bxa4 28. b4 Ncd7 29. Ra1 Nb6 30. Nc1 Qd7 31. Nd3 Qd4 32. Nd1 Nfd7 33. Qxd4 exd4 34. g4 Ra8 35. N1b2 f6 36. Nxa4 Nxa4 37. Rxa4 Nb6 38. Ra5 Nc4 39. Rc5 Ne3 40. Rxc6 a5 41. b5 Be8 42. Ra6 Rb8 43. Rxa5 Nxc2 44. Ra2 Ne3 45. Ra4 Nc2 1/2-1/2

[Event "Commonwealth Open 2019"]
[Site "Delhi"]
[Date "2019.07.05"]
[Round "7.12"]
[White "Ajay Karthikeyan"]
[Black "Tania, Sachdev"]
[Result "0-1"]
[ECO "A45"]
[WhiteElo "2216"]
[BlackElo "2401"]
[Annotator "NA"]
[PlyCount "67"]
[EventDate "2019.06.30"]
[EventType "swiss"]
[EventCountry "IND"]
[SourceTitle "playchess.com"]
[Source "ChessBase"]
[SourceQuality "1"]
[TimeControl "5400+30"]

1. d4 Nf6 2. Bf4 d5 3. e3 e6 4. Nf3 Bd6 5. Bg3 c5 6. c3 Qc7 7. dxc5 Bxg3 8. hxg3 Qxc5 9. Nbd2 Nc6 10. Bd3 Bd7 11. Qe2 O-O-O 12. O-O Kb8 13. a4 h5 14. Rac1 Ng4 15. e4 Qd6 16. Rfe1 h4 17. gxh4 f6 18. g3 g5 19. hxg5 fxg5 20. Kg2 Rdf8 21. Rh1 Rhg8 22. Rcf1 Rg7 23. Nd4 Nce5 24. Bb5 Bc8 25. f3 Nf6 26. Re1 Re7 27. a5 a6 28. Ba4 Qc7 29. Qe3 Qxa5 30. exd5 exd5 31. Qxg5 Qc7 32. Rh6 Rg8 33. Qxf6 Nd3 34. Qd6 0-1

[Event "Commonwealth Open 2019"]
[Site "Delhi"]
[Date "2019.07.05"]
[Round "7.13"]
[White "Shyaamnikhil, P."]
[Black "Bhambure, Shantanu"]
[Result "1/2-1/2"]
[ECO "B92"]
[WhiteElo "2434"]
[BlackElo "2248"]
[Annotator "NA"]
[PlyCount "41"]
[EventDate "2019.06.30"]
[EventType "swiss"]
[EventCountry "IND"]
[SourceTitle "playchess.com"]
[Source "ChessBase"]
[SourceQuality "1"]
[TimeControl "5400+30"]

1. e4 c5 2. Nf3 d6 3. d4 cxd4 4. Nxd4 Nf6 5. Nc3 a6 6. Be2 e5 7. Nf3 Be7 8. Bg5 Nbd7 9. a4 Qb6 10. Qc1 h6 11. Be3 Qc6 12. Nd2 Nc5 13. Bf3 Be6 14. O-O O-O 15. Rd1 b5 16. Bxc5 Qxc5 17. Nb3 Qb6 18. axb5 axb5 19. Qd2 b4 20. Ne2 Nh7 21. Ng3 1/2-1/2

[Event "Commonwealth Open 2019"]
[Site "Delhi"]
[Date "2019.07.05"]
[Round "7.14"]
[White "Arpita, Mukherjee"]
[Black "Kunte, Abhijit"]
[Result "0-1"]
[ECO "C77"]
[WhiteElo "2248"]
[BlackElo "2478"]
[Annotator "ChessBase"]
[PlyCount "114"]
[EventDate "2019.06.30"]
[EventType "swiss"]
[EventCountry "IND"]
[SourceTitle "playchess.com"]
[Source "ChessBase"]
[SourceQuality "1"]
[TimeControl "5400+30"]

1. e4 e5 2. Nf3 Nc6 3. Bb5 a6 4. Ba4 Nf6 5. d3 d6 6. c3 Be7 7. O-O O-O 8. Re1 Re8 9. Nbd2 Bf8 10. Nf1 h6 11. b4 b5 12. Bc2 Bb7 13. Ng3 g6 14. h4 Bc8 15. Nh2 h5 16. a4 Rb8 17. Bb3 Nh7 18. axb5 axb5 19. Nf3 Be6 20. Ra5 Qc8 21. Ra1 Qd7 22. Nf1 d5 23. exd5 Bxd5 24. Bxd5 Qxd5 25. Ra6 Rbd8 26. Ne3 Qd7 27. Qb3 Re6 28. Qa2 Bg7 29. Ra8 Rd6 30. Nd2 Rxd3 31. Ne4 Bf8 32. Rxd8 Nxd8 33. Bb2 Qc6 34. Ng3 Ne6 35. Rd1 Rxd1+ 36. Nxd1 Bh6 37. c4 Nf4 38. Ne3 Nd3 39. cxb5 Qxb5 40. Bc3 Bxe3 41. fxe3 Nf6 42. Qa8+ Kg7 43. Ne4 Qd5 44. Qxd5 Nxd5 45. b5 f5 46. Nf2 Nxc3 47. Nxd3 Kf6 48. Nc5 Ke7 49. e4 Nxb5 50. exf5 gxf5 51. Kf2 Kd6 52. Nd3 c5 53. Ke3 Kd5 54. Nc1 Nd4 55. Kd3 c4+ 56. Kc3 f4 57. Na2 Kc5 {[%emt 0:00:14] Kxd4+} 0-1

[Event "Commonwealth Open 2019"]
[Site "Delhi"]
[Date "2019.07.05"]
[Round "7.15"]
[White "Varshini, V."]
[Black "Thejkumar, M. S."]
[Result "1/2-1/2"]
[ECO "B18"]
[WhiteElo "2087"]
[BlackElo "2458"]
[Annotator "ChessBase"]
[PlyCount "129"]
[EventDate "2019.06.30"]
[EventType "swiss"]
[EventCountry "IND"]
[SourceTitle "playchess.com"]
[Source "ChessBase"]
[SourceQuality "1"]
[TimeControl "5400+30"]

1. e4 c6 2. d4 d5 3. Nc3 dxe4 4. Nxe4 Bf5 5. Ng3 Bg6 6. Bc4 e6 7. N1e2 Nf6 8. h4 h6 9. Nf4 Bh7 10. c3 Nbd7 11. Ngh5 Qc7 12. Nxf6+ Nxf6 13. Nh5 Nd5 14. Bxd5 cxd5 15. Bf4 Qc4 16. Be5 f6 17. Bh2 Bf5 18. Ng3 Bg6 19. Qe2 Qxe2+ 20. Nxe2 Kf7 21. Kd2 b5 22. Nf4 Bf5 23. Nd3 a5 24. a4 Bxd3 25. Kxd3 b4 26. Rhc1 Rc8 27. cxb4 Bxb4 28. Bf4 g5 29. hxg5 hxg5 30. Rxc8 Rxc8 31. Rc1 Rh8 32. Bg3 Kg6 33. f3 Kf5 34. Ke3 Rh7 35. Bc7 g4 36. Rc6 Rh1 37. Ra6 gxf3 38. gxf3 Ra1 39. b3 Rb1 40. Bxa5 Rxb3+ 41. Ke2 Bxa5 42. Rxa5 Kf4 43. Ra6 Re3+ 44. Kd2 Kxf3 45. Rc6 Re2+ 46. Kd3 f5 47. a5 Ra2 48. a6 Ra3+ 49. Kc2 Ke4 50. Kb2 Ra5 51. Kc3 e5 52. Re6 Ra3+ 53. Kb2 Ra4 54. Kb3 Ra5 55. Rxe5+ Kxd4 56. Rxf5 Rxa6 57. Kc2 Kc4 58. Rf4+ d4 59. Rf3 Ra1 60. Kd2 Ra2+ 61. Kd1 Rh2 62. Rg3 Rh1+ 63. Kd2 Ra1 64. Rh3 Ra2+ 65. Kd1 1/2-1/2

[Event "Commonwealth Open 2019"]
[Site "Delhi"]
[Date "2019.07.05"]
[Round "7.15"]
[White "Varshini, V."]
[Black "Thejkumar, M. S."]
[Result "*"]
[ECO "B18"]
[WhiteElo "2087"]
[BlackElo "2458"]
[Annotator "ChessBase"]
[PlyCount "39"]
[EventDate "2019.06.30"]
[EventType "swiss"]
[EventCountry "IND"]
[SourceTitle "playchess.com"]
[Source "ChessBase"]
[SourceQuality "1"]
[TimeControl "5400+30"]

1. e4 c6 2. d4 d5 3. Nc3 dxe4 4. Nxe4 Bf5 5. Ng3 Bg6 6. Bc4 e6 7. N1e2 Nf6 8. h4 h6 9. Nf4 Bh7 10. c3 Nbd7 11. Ngh5 Qc7 12. Nxf6+ Nxf6 13. Nh5 Nd5 14. Bxd5 cxd5 15. Bf4 Qc4 16. Be5 f6 17. Bh2 Bg6 18. Ng3 O-O-O 19. Qe2 Qxe2+ 20. Nxe2 *

[Event "Commonwealth Open 2019"]
[Site "Delhi"]
[Date "2019.07.05"]
[Round "7.16"]
[White "Thipsay, Praveen M"]
[Black "Sanskriti, Goyal"]
[Result "0-1"]
[ECO "B09"]
[WhiteElo "2405"]
[BlackElo "1951"]
[Annotator "NA"]
[PlyCount "56"]
[EventDate "2019.06.30"]
[EventType "swiss"]
[EventCountry "IND"]
[SourceTitle "playchess.com"]
[Source "ChessBase"]
[SourceQuality "1"]
[TimeControl "5400+30"]

1. e4 d6 2. d4 Nf6 3. Nc3 g6 4. f4 Bg7 5. Nf3 O-O 6. e5 Nfd7 7. h4 c5 8. h5 cxd4 9. Qxd4 dxe5 10. Qf2 e4 11. Ng5 Nf6 12. hxg6 hxg6 13. Qh4 Qb6 14. Bc4 Be6 15. Nxe6 fxe6 16. g4 Rc8 17. Bb3 Nbd7 18. Qh3 Nd5 19. f5 Rxc3 20. Qh7+ Kf8 21. bxc3 N5f6 22. Qh3 Ne5 23. Bh6 Nexg4 24. Bxg7+ Kxg7 25. fxg6 Qf2+ 26. Kd1 Qf4 27. Ke1 Rd8 28. Qg2 Qe3+ 0-1

[Event "Commonwealth Open 2019"]
[Site "Delhi"]
[Date "2019.07.05"]
[Round "7.17"]
[White "Mahalakshmi, M."]
[Black "Sanjeet, Manohar"]
[Result "1-0"]
[ECO "E92"]
[WhiteElo "2245"]
[BlackElo "1905"]
[Annotator "NA"]
[PlyCount "73"]
[EventDate "2019.06.30"]
[EventType "swiss"]
[EventCountry "IND"]
[SourceTitle "playchess.com"]
[Source "ChessBase"]
[SourceQuality "1"]
[TimeControl "5400+30"]

1. d4 Nf6 2. c4 g6 3. Nc3 Bg7 4. e4 d6 5. Nf3 O-O 6. Be2 e5 7. Be3 Ng4 8. Bg5 Qe8 9. h3 Nf6 10. dxe5 dxe5 11. O-O Na6 12. Qc2 c6 13. Rad1 Nc7 14. Be3 Nd7 15. c5 Ne6 16. b4 a5 17. a3 Kh8 18. Na4 axb4 19. axb4 f5 20. exf5 gxf5 21. Bc4 e4 22. Nd4 Ne5 23. Nb6 Nxd4 24. Bxd4 Qg6 25. Bxe5 Bxe5 26. f4 exf3 27. Nxa8 Qg3 28. Rxf3 Qh2+ 29. Kf1 Re8 30. Qf2 Bb8 31. Qd4+ Be5 32. Qg1 Qxg1+ 33. Kxg1 f4 34. Rfd3 Bf6 35. Rd6 Bh4 36. Nc7 Rf8 37. Be6 1-0

[Event "Commonwealth Open 2019"]
[Site "Delhi"]
[Date "2019.07.05"]
[Round "7.18"]
[White "Saypuri, Srithan"]
[Black "Srihari L R"]
[Result "1/2-1/2"]
[ECO "B06"]
[WhiteElo "1816"]
[BlackElo "2200"]
[Annotator "NA"]
[PlyCount "119"]
[EventDate "2019.06.30"]
[EventType "swiss"]
[EventCountry "IND"]
[SourceTitle "playchess.com"]
[Source "ChessBase"]
[SourceQuality "1"]
[TimeControl "5400+30"]

1. e4 g6 2. d4 Bg7 3. Nc3 d6 4. Be3 Nd7 5. Qd2 a6 6. Bd3 b5 7. f3 Bb7 8. Rd1 Rc8 9. Nce2 c5 10. c3 e5 11. d5 c4 12. Bb1 Bh6 13. Nh3 Qh4+ 14. Nf2 Bxe3 15. Qxe3 Qh6 16. Ng4 Qf8 17. Nf2 Qh6 18. Ng4 Qxe3 19. Nxe3 Ne7 20. O-O O-O 21. f4 exf4 22. Rxf4 Kg7 23. Nd4 Rce8 24. Kf1 Nc5 25. Ke2 Na4 26. Rd2 Bc8 27. Kf2 Ng8 28. Kg1 Nc5 29. Nf1 Nf6 30. Ng3 h5 31. h4 Bd7 32. Nf3 Re7 33. Ng5 Ng4 34. Nf3 Rfe8 35. Nd4 f6 36. Rd1 Ne3 37. Rd2 Ng4 38. Rd1 Ne5 39. Rd2 Bg4 40. Kh2 Rb7 41. Nc6 Rc8 42. Nxe5 fxe5 43. Rf1 Rf8 44. Rxf8 Kxf8 45. Rf2+ Rf7 46. Rxf7+ Kxf7 47. Bc2 a5 48. a3 Kf6 49. Nf1 Be2 50. Nd2 Bd3 51. Bxd3 Nxd3 52. b4 cxb3 53. Nxb3 a4 54. Nd2 g5 55. g3 Ne1 56. c4 b4 57. axb4 g4 58. Nb1 Nc2 59. Nc3 a3 60. Na2 1/2-1/2

[Event "Commonwealth Open 2019"]
[Site "Delhi"]
[Date "2019.07.05"]
[Round "7.19"]
[White "Aaryan Varshney"]
[Black "Sa, Kannan"]
[Result "1-0"]
[ECO "A43"]
[WhiteElo "2284"]
[BlackElo "1947"]
[Annotator "NA"]
[PlyCount "63"]
[EventDate "2019.06.30"]
[EventType "swiss"]
[EventCountry "IND"]
[SourceTitle "playchess.com"]
[Source "ChessBase"]
[SourceQuality "1"]
[TimeControl "5400+30"]

1. d4 c5 2. d5 d6 3. c4 g6 4. e4 Bg7 5. Nf3 Nd7 6. Be2 Ngf6 7. Nc3 O-O 8. O-O Ne8 9. Bf4 Ne5 10. Nxe5 dxe5 11. Be3 b6 12. a3 Nd6 13. b4 Bd7 14. f3 Rc8 15. bxc5 bxc5 16. Qc2 a6 17. Rfb1 Qa5 18. Rb2 Rb8 19. Rab1 Qc7 20. Bd3 f5 21. Rxb8 Rxb8 22. Rxb8+ Qxb8 23. Bxc5 Qc8 24. Qf2 Bh6 25. Nd1 Bc1 26. Kh1 f4 27. Nc3 Kf7 28. Na2 Nb7 29. Bxe7 Be3 30. Qh4 Qg8 31. Qf6+ Ke8 32. Qxe5 1-0

[Event "Commonwealth Open 2019"]
[Site "Delhi"]
[Date "2019.07.05"]
[Round "7.20"]
[White "Saurabh, Anand"]
[Black "Anilkumar, O.T."]
[Result "0-1"]
[ECO "B15"]
[WhiteElo "2351"]
[BlackElo "1989"]
[Annotator "NA"]
[PlyCount "148"]
[EventDate "2019.06.30"]
[EventType "swiss"]
[EventCountry "IND"]
[SourceTitle "playchess.com"]
[Source "ChessBase"]
[SourceQuality "1"]
[TimeControl "5400+30"]

1. d4 g6 2. e4 c6 3. Nc3 Bg7 4. f4 d5 5. e5 h5 6. Nf3 Nh6 7. Bd3 Bg4 8. h3 Bxf3 9. Qxf3 e6 10. O-O h4 11. Be3 Nf5 12. Bf2 Nd7 13. b3 Bf8 14. Ne2 b5 15. c4 a6 16. a4 bxc4 17. bxc4 Bb4 18. Rfc1 Kf8 19. cxd5 cxd5 20. Rc6 Rc8 21. Rxa6 Nb8 22. Ra8 Qd7 23. Bxf5 gxf5 24. Qb3 Qb7 25. Ra5 Nc6 26. Rb5 Qe7 27. Rc1 Kg7 28. Rxc6 Rxc6 29. Qxb4 Qxb4 30. Rxb4 Rc2 31. Kf1 Ra2 32. Be1 Rc8 33. Nc3 Ra3 34. Rb1 Rc4 35. Rd1 Kg6 36. Kg1 Kh5 37. Kf1 Kg6 38. Kf2 Kh5 39. Ke2 Rb4 40. Kf1 Rc4 41. Kg1 Kh6 42. Kh1 Kh5 43. Kh2 Kh6 44. Rb1 Kg6 45. Ne2 Ra2 46. Ng1 Rxd4 47. Nf3 Rxf4 48. Nxh4+ Kg7 49. a5 Rf1 50. Kg3 Rxa5 51. Nf3 Ra2 52. h4 Re2 53. Rd1 Kg6 54. Ra1 d4 55. Rd1 d3 56. Rxd3 Rfxe1 57. Nxe1 Rxe1 58. Rd7 Re3+ 59. Kf2 Rxe5 60. g3 Re4 61. Kf3 Kf6 62. Ra7 Rb4 63. Rc7 Rb3+ 64. Kf2 Rb6 65. Kf3 e5 66. Ra7 Kg6 67. Rc7 Rb3+ 68. Kf2 f6 69. Ra7 e4 70. Re7 Rb2+ 71. Ke3 Rg2 72. h5+ Kxh5 73. Rg7 Kh6 74. Rg8 Kh7 0-1

[Event "Commonwealth Open 2019"]
[Site "Delhi"]
[Date "2019.07.05"]
[Round "7.21"]
[White "Karthik, Sai Ch"]
[Black "Oatlhotse, Providence"]
[Result "1/2-1/2"]
[ECO "D00"]
[WhiteElo "1963"]
[BlackElo "2244"]
[Annotator "NA"]
[PlyCount "197"]
[EventDate "2019.06.30"]
[EventType "swiss"]
[EventCountry "IND"]
[SourceTitle "playchess.com"]
[Source "ChessBase"]
[SourceQuality "1"]
[TimeControl "5400+30"]

1. d4 d5 2. Bf4 c5 3. e3 Nc6 4. Nf3 Nf6 5. Nbd2 Bg4 6. c3 e6 7. Qa4 Bxf3 8. Nxf3 Nd7 9. Ne5 Ndxe5 10. Bxe5 Qd7 11. Bb5 a6 12. Bxc6 Qxc6 13. Qc2 cxd4 14. exd4 Qc4 15. Qe2 Rc8 16. Qxc4 Rxc4 17. a4 Kd7 18. Kd2 f6 19. Bg3 h5 20. h4 Be7 21. Kd3 Rhc8 22. Rhc1 R4c6 23. Bf4 Rb6 24. Ra2 Bd6 25. Bxd6 Kxd6 26. f4 Rh8 27. Re1 Rh6 28. Re3 Rg6 29. g3 a5 30. Kc2 Rh6 31. Ra1 Rh8 32. Rae1 Re8 33. R1e2 Rc6 34. Re1 Rc7 35. R1e2 Rce7 36. Kd3 Rb8 37. Kc2 b5 38. axb5 Rxb5 39. Kb1 Re8 40. Ka2 Rb6 41. Ka3 g6 42. Ka2 Kd7 43. Ka3 Rc8 44. Ka2 Rcc6 45. Ka3 Rc4 46. Ka2 a4 47. Ka3 Rb3+ 48. Ka2 Rc6 49. Re1 Rcb6 50. R1e2 Ke7 51. Rc2 Kf7 52. Rce2 Rc6 53. Rc2 Ke8 54. Rce2 Kd7 55. Rc2 Kc7 56. Rce2 Rbb6 57. Ka3 Ra6 58. Re1 Kb8 59. R1e2 Kb7 60. Re1 Rcb6 61. Ka2 Kc8 62. R1e2 Rd6 63. Re1 Kd7 64. R1e2 Rab6 65. Ka3 Rb8 66. Re1 Rb3+ 67. Ka2 Ke7 68. R1e2 Rdb6 69. Rc2 Kd6 70. Rce2 Kc7 71. Rc2 Kb7 72. Rce2 Ka6 73. Rxe6 Rxb2+ 74. Rxb2 Rxe6 75. Rb8 Rc6 76. Rd8 Rxc3 77. Rxd5 Rxg3 78. Rd6+ Kb5 79. Rxf6 Kb4 80. f5 Rg2+ 81. Kb1 Rg1+ 82. Ka2 Rg2+ 83. Kb1 gxf5 84. Rxf5 Rg1+ 85. Ka2 Rg2+ 86. Kb1 Rg4 87. Rxh5 Rxd4 88. Ka2 Rd2+ 89. Kb1 Rh2 90. Rg5 Rh1+ 91. Ka2 Rh2+ 92. Kb1 Rxh4 93. Rg3 Rf4 94. Rh3 a3 95. Rh8 Rf1+ 96. Ka2 Rf2+ 97. Kb1 Rb2+ 98. Ka1 Rc2 99. Rb8+ 1/2-1/2

[Event "Commonwealth Open 2019"]
[Site "Delhi"]
[Date "2019.07.05"]
[Round "7.22"]
[White "Bidhar, Rutumbara"]
[Black "Michelle Catherina, P."]
[Result "0-1"]
[ECO "E48"]
[WhiteElo "1961"]
[BlackElo "2226"]
[Annotator "NA"]
[PlyCount "90"]
[EventDate "2019.06.30"]
[EventType "swiss"]
[EventCountry "IND"]
[SourceTitle "playchess.com"]
[Source "ChessBase"]
[SourceQuality "1"]
[TimeControl "5400+30"]

1. d4 Nf6 2. c4 e6 3. Nc3 Bb4 4. e3 O-O 5. Bd3 d5 6. cxd5 exd5 7. Nge2 Re8 8. O-O a5 9. a3 Bf8 10. Qc2 Na6 11. Rd1 c6 12. e4 dxe4 13. Nxe4 h6 14. N2g3 Nxe4 15. Bxe4 Bg4 16. f3 Be6 17. Be3 Nc7 18. Bf2 Nd5 19. Re1 Qg5 20. Qc1 Nf4 21. Be3 Bd6 22. Qd2 f5 23. Bd3 Nh3+ 24. gxh3 f4 25. Kh1 Bxh3 26. Bf2 Rxe1+ 27. Bxe1 fxg3 28. Qxg5 hxg5 29. hxg3 Be6 30. Kg2 g4 31. fxg4 Bd5+ 32. Kg1 Rf8 33. Bf5 Rf6 34. Bd2 Bxg3 35. Rf1 a4 36. g5 Rd6 37. Bb4 Rd8 38. Bd2 Re8 39. Bf4 Re2 40. Bh3 Bxf4 41. Rxf4 Rxb2 42. Rf2 Rb3 43. Bc8 b5 44. Kh2 Rxa3 45. Bf5 Ra2 0-1